 Dungeon Crawl Stone Soup version 0.26-a0-612-gd4d190f45e (webtiles) character file.

Game seed: 2234789459708642264

1937 Gottschkopf the Destroyer (level 8, -4/41 HPs)
             Began as a Deep Elf Conjurer on Sept 10, 2020.
             Was a Follower of Vehumet.
             Shot with an arrow by a centaur (9 damage)
             ... on level 6 of the Dungeon.
             The game lasted 00:13:54 (6068 turns).

Gottschkopf the Destroyer (Deep Elf Conjurer)       Turns: 6068, Time: 00:13:55

Health: -4/41      AC:  3    Str:  4    XL:     8   Next: 97%
Magic:  15/21      EV: 15    Int: 26    God:    Vehumet [*.....]
Gold:   313        SH:  0    Dex: 20    Spells: 11/25 levels left

rFire    . . .     SeeInvis +   s - +5 dire flail "Oliul" {protect, Fragile Dex+7}
rCold    . . .     Faith    .   (shield currently unavailable)
rNeg     . . .     Spirit   .   f - +0 leather armour (curse)
rPois    .         Reflect  .   (no helmet)
rElec    .         Harm     .   (no cloak)
rCorr    .                      (no gloves)
MR       .....                  (no boots)
Stlth    ++........             w - amulet of regeneration
HPRegen  0.53/turn              (no ring)
MPRegen  0.17/turn              (no ring)

@: no status effects
A: see invisible, low mp 1
a: Renounce Religion


You were on level 6 of the Dungeon.
You worshipped Vehumet.
Vehumet was aware of your devotion.
You visited 2 branches of the dungeon, and saw 7 of its levels.

You collected 313 gold pieces.

Inventory:

Hand Weapons
 p - a +2 vorpal spear
 q - a cursed -2 flail
 s - the +5 dire flail "Oliul" (weapon) {protect, Fragile Dex+7}
   (You took it off an ogre on level 3 of the Dungeon)

   It grants its wielder temporary protection when it strikes (+7 to AC).
   It affects your dexterity (+7).
   It will be destroyed if unequipped.
 v - a +1 short sword of venom
Armour
 a - a +0 robe
 f - a cursed +0 leather armour (worn)
Jewellery
 w - an amulet of regeneration (around neck)
Wands
 k - a wand of random effects (14)
 n - a wand of digging (3)
 o - a wand of acid (12)
 t - a wand of disintegration (12)
Scrolls
 d - 3 scrolls of teleportation
 g - 3 scrolls of amnesia
 i - 4 scrolls of remove curse {unknown}
 r - a scroll of fear {unknown}
 u - a scroll of noise {unknown}
 x - a scroll of immolation {unknown}
Potions
 b - a potion of resistance
 c - 3 potions of haste
 e - a potion of heal wounds
 h - 3 potions of might
 j - a potion of flight
 l - 2 potions of curing {unknown}
 m - 2 potions of stabbing


   Skills:
 + Level 6.1 Dodging
 - Level 2.4 Stealth
 * Level 9.3 Spellcasting
 - Level 10.0 Conjurations


You had 11 spell levels left.
You knew the following spells:

 Your Spells              Type           Power        Failure   Level
a - Magic Dart            Conj           ####         1%          1
b - Searing Ray           Conj           ######       1%          2
c - Dazzling Flash        Conj/Hex       #####.       3%          3
d - Fulminant Prism       Conj/Hex       #####.....   11%         4
e - Iskenderun's Mystic   Conj/Tloc      #####...     11%         4

Your spell library contained the following spells:

 Spells                   Type           Power        Failure   Level
 Foxfire                  Conj/Fire      ####         1%          1


Dungeon Overview and Level Annotations

Branches:
Dungeon (6/15)             Temple (1/1) D:4

Altars:
Ashenzari
Cheibriados
Dithmenos
Elyvilon
Fedhas
Hepliaklqana
Kikubaaqudgha
Makhleb
Nemelex Xobeh
Okawaru
Ru
Sif Muna
Trog
Uskayaw
Vehumet
Wu Jian
Xom
Yredelemnul
Zin
The Shining One


Innate Abilities, Weirdness & Mutations

You have supernaturally acute eyesight. (SInv)
Your magical capacity is low. (-10% MP)


Message History

* * * LOW HITPOINT WARNING * * *
Casting: Magic Dart (safe; 1% risk of failure)
Confirm with . or Enter, or press ? or * to list all spells.
Aiming: Magic Dart (safe; 1% risk of failure)
Press: ? - help, Shift-Dir - straight line, f/p - centaur
Aim: a centaur, wielding a +6 shortbow and quivering 16 arrows (moderately wounded)
The magic dart hits the centaur.
The centaur is heavily wounded.
The centaur shoots an arrow.
The arrow hits you.
* * * LOW HITPOINT WARNING * * *
Casting: Magic Dart (safe; 1% risk of failure)
Confirm with . or Enter, or press ? or * to list all spells.
Aiming: Magic Dart (safe; 1% risk of failure)
Press: ? - help, Shift-Dir - straight line, f/p - centaur
Aim: a centaur, wielding a +6 shortbow and quivering 15 arrows (heavily wounded)
The magic dart hits the centaur.
The centaur is severely wounded.
The centaur shoots an arrow.
The arrow closely misses you.
The centaur shoots an arrow.
The arrow hits you!
You die...

## ## ...#..
....# #..##
#.(@#
#.........#
#.........c.#
#...........#
..............
..##.........##
≈ ##...#...##
#########


You could see a centaur.

Vanquished Creatures
  Pikel (D:4)
  Sigmund (D:2)
  An ice beast (D:5)
  4 ogres
  The ghost of utbildad the Skirmisher, an amateur DsWr of Kikubaaqudgha (D:3)
  3 lemures
  Blork the orc (D:4)
  A scorpion (D:3)
  2 howler monkeys
  A hound (D:4)
  A jelly (D:5)
  A centaur skeleton (D:5)
  2 orc priests
  3 orc wizards
  Ijyb (D:3)
  6 worker ants
  A killer bee zombie (D:5)
  A hound skeleton (D:5)
  9 adders
  2 shadow imps (D:5)
  A white imp (D:5)
  An ufetubus (D:5)
  5 worms
  3 dart slugs
  2 leopard geckos
  9 orcs
  A giant cockroach (D:1)
  6 hobgoblins
  3 jackals (D:3)
  3 kobolds
  3 quokkas
  6 bats
  6 frilled lizards
  13 goblins
  2 jackal skeletons
  6 rats
113 creatures vanquished.

Vanquished Creatures (others)
  A fulminant prism (D:5)
1 creature vanquished.

Grand Total: 114 creatures vanquished

Notes
Turn   | Place    | Note
-------+----------+-------------------------------------------
     0 | D:1      | Gottschkopf the Deep Elf Conjurer began the quest for the
                  | Orb.
     0 | D:1      | Reached XP level 1. HP: 10/10 MP: 6/6
   258 | D:1      | Reached XP level 2. HP: 15/15 MP: 4/8
   425 | D:1      | Reached skill level 5 in Conjurations
   968 | D:2      | Reached XP level 3. HP: 19/19 MP: 5/9
   972 | D:2      | Learned a level 2 spell: Searing Ray
  1013 | D:2      | Learned a level 3 spell: Dazzling Flash
  1151 | D:2      | Noticed Sigmund
  1407 | D:2      | Killed Sigmund
  1407 | D:2      | Reached skill level 7 in Conjurations
  1407 | D:2      | Reached XP level 4. HP: 6/24 MP: 0/10
  1407 | D:2      | Reached XP level 5. HP: 7/28 MP: 0/11
  1417 | D:2      | Learned a level 4 spell: Fulminant Prism
  2124 | D:3      | Found a hide-covered altar of Uskayaw.
  2250 | D:3      | Reached skill level 8 in Conjurations
  2250 | D:3      | Reached XP level 6. HP: 32/32 MP: 8/12
  2395 | D:3      | Gained mutation: Your magical capacity is low. (-10% MP)
                  | [potion of mutation]
  2395 | D:3      | Gained mutation: You have supernaturally acute eyesight.
                  | (SInv) [potion of mutation]
  2538 | D:3      | Noticed utbildad's ghost (amateur DsWr)
  2539 | D:3      | Found a transporter.
  2540 | D:3      | Identified the +5 dire flail "Oliul" {protect, Fragile
                  | Dex+7}
  2546 | D:3      | Found a transporter.
  2922 | D:3      | Noticed Ijyb
  2929 | D:3      | Killed Ijyb
  3063 | D:3      | Reached skill level 9 in Conjurations
  3063 | D:3      | Reached XP level 7. HP: 36/36 MP: 8/12
  3078 | D:3      | Killed utbildad's ghost
  3385 | D:4      | Reached skill level 10 in Conjurations
  3541 | D:4      | Noticed Pikel
  3817 | D:4      | Found a staircase to the Ecumenical Temple.
  3821 | D:4      | Noticed Blork the orc
  3832 | D:4      | Killed Blork the orc
  3847 | Temple   | Entered the Ecumenical Temple
  4184 | Temple   | Became a worshipper of Vehumet
  4237 | D:4      | Killed Pikel
  4237 | D:4      | Reached XP level 8. HP: 41/41 MP: 6/18
  4243 | D:4      | Learned a level 4 spell: Iskenderun's Mystic Blast
  4719 | D:5      | Entered Level 5 of the Dungeon
  4905 | D:5      | Reached skill level 5 in Dodging
  5479 | D:5      | Reached * piety under Vehumet
  5479 | D:5      | Offered knowledge of Foxfire by Vehumet.
  5674 | D:5      | Found a sparkling altar of Nemelex Xobeh.
  5674 | D:5      | Found a sacrificial altar of Ru.
  5674 | D:5      | Found an ornate altar of the Wu Jian Council.
  6068 | D:6      | Shot with an arrow by a centaur

Illustrated notes

Levels and vault maps discovered:
D:1:      scummos_arrival_forest, layout_loops_ring
D:2:      layout_basic, uniq_sigmund
D:3:      kennysheep_goblin_castle, layout_rooms,
          eat_drink_and_be_merry_uskayaw, gammafunk_ghost_smash
D:4:      layout_rooms, minmay_temple_entry_tees, uniq_blork_the_orc, uniq_ijyb,
          uniq_pikel
D:5:      layout_loops_ring, gammafunk_temple_overflow_claw, minmay_holes
D:6:      layout_rooms, kennysheep_little_box, nicolae_qazlal_general_emergency
Temple:   eino_temple_rhombus

Skill      XL: |  1  2  3  4  5  6  7  8 |
---------------+-------------------------+-----
Conjurations   | 5 7 8 9 10 | 10.0
Dodging        | 4 6 |  6.1
Spellcasting   | 7 9 |  9.3
Stealth        | |  2.4

Action                   |  1- 3 |  4- 6 |  7- 9 || total
-------------------------+-------+-------+-------++-------
Melee: Dagger            |       |     3 |       ||     3
       Spear             |       |     1 |     5 ||     6
       Dire flail        |       |       |    41 ||    41
 Cast: Magic Dart        |    59 |    69 |   134 ||   262
       Searing Ray       |     2 |     4 |    11 ||    17
       Dazzling Flash    |       |       |     4 ||     4
       Fulminant Prism   |       |       |     1 ||     1
  Use: Scroll            |       |     9 |     3 ||    12
       Potion            |       |     1 |       ||     1
 Stab: Sleeping          |       |     1 |       ||     1
       Invisible         |       |       |     1 ||     1
Armor: Leather armour    |     1 |     8 |    27 ||    36
Dodge: Dodged            |     3 |    10 |    64 ||    77

Table legend: (Time is in decaauts)
 A = Elapsed time spent in this place.
 B = Non-inter-level travel time spent in this place.
 C = Inter-level travel time spent in this place.
 D = Time resting spent in this place.
 E = Time spent auto-exploring this place.
 F = Levels seen in this place.
 G = Mean time per level.
                   A        B        C        D        E       F      G
               +--------+--------+--------+--------+--------+-----+--------+
         Total |   6084 |   5747 |    337 |   1525 |   3457 |   7 |  869.1 |
       Dungeon |   5736 |   5431 |    305 |   1525 |   3148 |   6 |  956.0 |
        Temple |    347 |    315 |     32 |      0 |    309 |   1 |  347.0 |
               +--------+--------+--------+--------+--------+-----+--------+

Top non-repeatable levels by time:
     D:3: 1524 daAuts
     D:5: 1303 daAuts
     D:1: 1124 daAuts
     D:2: 987 daAuts
     D:4: 743 daAuts
  Temple: 347 daAuts
     D:6: 53 daAuts
